 Dungeon Crawl Stone Soup version 0.19-a0-1051-gdb7e7f8 (webtiles) character file.

109 FrancescoMac the Skirmisher (level 4, -2/41 HPs)
             Began as a Minotaur Monk on Aug 1, 2016.
             Slain by Edmund
             ... wielding a +0 flail of holy wrath
              (6 damage)
             ... on level 4 of the Dungeon.
             The game lasted 00:07:37 (2309 turns).

FrancescoMac the Skirmisher (Minotaur Monk)         Turns: 2309, Time: 00:07:38

Health: -2/41      AC:  4    Str: 13 (15) XL:     4   Next: 60%
Magic:  3/3        EV: 14    Int: 12      God:
Gold:   123        SH:  0    Dex: 13 (14) Spells: 0 memorised, 3 levels left

rFire  . . .     SeeInvis .     a - +0 hand axe
rCold  . . .     Gourm    .     k - +2 robe {MR+}
rNeg   . . .     Faith    .     (no shield)
rPois  .         Spirit   .     (helmet restricted)
rElec  .         Dismiss  .     (no cloak)
rCorr  .         Reflect  .     (no gloves)
SustAt .         Harm     .     (no boots)
MR     +....                    (no amulet)
Stlth  ++........               (no ring)
                                (no ring)

@: brilliant, lethally poisoned (-2 -> -6), somewhat resistant to hostile
enchantments, unstealthy
A: retaliatory headbutt, horns 2
a: no special abilities


You were on level 4 of the Dungeon.
You were not hungry.

You visited 1 branch of the dungeon, and saw 4 of its levels.

You collected 123 gold pieces.

Inventory:

Hand Weapons
 a - a +0 hand axe (weapon)
Armour
 b - a +0 robe
 k - a +2 robe of magic resistance (worn)
Scrolls
 e - 2 scrolls of remove curse
 j - a scroll of recharging
 l - a scroll of identify {unknown}
Potions
 h - a potion of curing
 n - a potion of ambrosia {unknown}
Comestibles
 c - 2 bread rations
 d - a chunk of flesh
 f - 2 meat rations
 i - 2 slices of pizza
 m - 2 fruits


   Skills:
 + Level 4.7 Fighting
 + Level 4.3 Axes
 + Level 3.9 Dodging
 + Level 2.6 Stealth


You had 3 spell levels left.
You didn't know any spells.

Dungeon Overview and Level Annotations

Branches:
Dungeon (4/15)
 Temple: D:4-7

Altars:

Annotations:
D:3 mistymad's ghost, amateur TrMo
D:4 Edmund


Innate Abilities, Weirdness & Mutations

You reflexively headbutt those who attack you in melee.
You have a pair of horns on your head.


Message History

* * * LOW HITPOINT WARNING * * *
You are poisoned.
The worker ant poisons you! The worker ant barely misses you.
You furiously retaliate!
You headbutt the worker ant, but do no damage.
The worker ant barely misses you. Edmund hits you but does no damage.
You hit the worker ant.
You headbutt the worker ant, but do no damage.
The worker ant is moderately wounded.
You hit the worker ant. You hit Edmund but do no damage.
* * * LOW HITPOINT WARNING * * *
You feel sick. The worker ant misses you. You furiously retaliate!
You headbutt the worker ant. The worker ant misses you.
You furiously retaliate!
You headbutt the worker ant. You closely miss the worker ant.
The worker ant is moderately wounded.
You hit the worker ant but do no damage.
You hit Edmund but do no damage.
Edmund hits you with a flail of holy wrath.
You die...

### #######
.....#.....##
#...a@<...#
##..@.a....#
#.........#
#.........#
#.........#
...........#
###........##
#.........


You could see Edmund and 2 worker ants.

Vanquished Creatures
  4 adders
  4 worms (D:2)
  2 giant geckos (D:1)
  8 orcs (D:3)
  3 bats
  4 giant cockroaches
  6 hobgoblins
  3 jackals (D:3)
  3 giant newts
  5 goblins
  7 kobolds
  3 rats
52 creatures vanquished.

Notes
Turn   | Place    | Note
-------+----------+-------------------------------------------
     0 | D:1      | FrancescoMac the Minotaur Monk began the quest for the Orb.
     0 | D:1      | Reached XP level 1. HP: 19/19 MP: 0/0
   285 | D:1      | Reached XP level 2. HP: 24/27 MP: 1/1
   911 | D:2      | Reached XP level 3. HP: 28/33 MP: 2/2
  1850 | D:3      | Found a faded altar of an unknown god.
  1858 | D:3      | Reached XP level 4. HP: 41/41 MP: 3/3
  2240 | D:3      | Noticed mistymad's ghost (amateur TrMo)
  2270 | D:3      | Noticed a phantom
  2303 | D:4      | Noticed Edmund
  2309 | D:4      | Slain by Edmund

Vault maps used:
D:1:      lemuel_arrival_lava_pool
D:3:      grunt_temple_overflow_holy_war, ecumenical_altar_2, first_bread
D:4:      uniq_edmund

Skill      XL: |  1  2 |
---------------+-------+-----
Stealth        | 2 |  2.6
Axes           | 4 |  4.3
Fighting       | 4 |  4.7
Dodging        | |  3.9

Action                   |  1- 3 |  4- 6 || total
-------------------------+-------+-------++-------
Melee: Hand axe          |    96 |    47 ||   143
       Headbutt          |    13 |    12 ||    25
  Use: Potion            |     6 |     1 ||     7
       Scroll            |     4 |       ||     4
 Stab: Sleeping          |     6 |       ||     6
  Eat: Chunk             |     3 |     2 ||     5
Armor: Robe              |    23 |    11 ||    34
Dodge: Dodged            |    66 |    30 ||    96
